 Dungeon Sprint DCSS version 0.27.1 (webtiles) character file.

Game seed: 1161584568191620190

1248 styxcanada the Unseen (level 8, 0/42 HPs)
             Began as a Spriggan Brigand on Aug 29, 2021.
             Was an Initiate of Gozag.
             Succumbed to a killer bee's poison
             ... in the Dungeon (Sprint IV: "Fedhas' Mad Dash").
             The game lasted 00:07:45 (1199 turns).

styxcanada the Unseen (Spriggan Brigand)            Turns: 1199, Time: 00:07:46

Health: 0/42       AC:  4    Str:  7    XL:     8   Next: 26%
Magic:  13/16      EV: 20    Int: 12    God:    Gozag
Gold:   385        SH:  0    Dex: 19    Spells: 11/16 levels left

rFire    . . .     SeeInvis +   n - +1 dagger (elec)
rCold    . . .     Faith    .   (shield restricted)
rNeg     . . .     Spirit   .   b - +0 robe
rPois    .         Reflect  .   (helmet restricted)
rElec    .         Harm     .   c - +1 cloak
rCorr    .         Rampage  .   (gloves unavailable)
Will     +....     NoTele   +   (boots unavailable)
Stlth    +++++++...             l - amulet of invisibility {+Inv}
HPRegen  0.14/turn              (no ring)
MPRegen  0.15/turn              (no ring)

@: lethally poisoned (0 -> -7), gold aura, slightly contaminated, invisible,
very quick
A: very small, no large weapons, unfitting armour, see invisible, speed 3
a: Renounce Religion, Evoke Invisibility, Potion Petition, Call Merchant, Bribe
Branch


You were in the Dungeon.
You worshipped Gozag.
Gozag was aware of your devotion.
You visited 1 branch You collected 749 gold pieces.
You spent 364 gold pieces at shops.

Inventory:

Hand Weapons
 a - a +2 dagger
 n - a +1 dagger of electrocution (weapon)
Missiles
 d - 6 poisoned darts (quivered)
 e - 2 curare-tipped darts
Armour
 b - a +0 robe (worn)
 c - a +1 cloak (worn)
Jewellery
 l - the amulet of invisibility (around neck) {+Inv}
   (You found it in the Dungeon)

   [amulet of nothing]

   +Inv:      It lets you turn invisible.
Scrolls
 k - a scroll of blinking
 m - a scroll of magic mapping {unknown}
Potions
 g - a potion of heal wounds
 h - a potion of haste
 i - 2 potions of magic
 j - a potion of attraction {unknown}


   Skills:
 * Level 4.5 Fighting
 + Level 5.3 Short Blades
 + Level 6.2 Throwing
 * Level 5.4 Dodging
 * Level 19.1 Stealth
 * Level 4.8 Spellcasting
 * Level 4.6 Hexes
 * Level 7.2 Evocations


You had 11 spell levels left.
You knew the following spells:

 Your Spells              Type           Power      Damage    Failure   Level
a - Slow                  Hex            14%        N/A       4%          2
b - Confusing Touch       Hex            14%        N/A       9%          3

Your spell library contained the following spells:

 Spells                   Type           Power      Damage    Failure   Level
 Yara's Violent Unravell  Hex/Tmut       4%         3d4       91%         5


Dungeon Overview and Level Annotations

Branches:
Dungeon (1/1)

Altars:
Cheibriados
Dithmenos
Elyvilon
Gozag
Hepliaklqana
Kikubaaqudgha
Makhleb
Nemelex Xobeh
Okawaru
Qazlal
Ru
Sif Muna
Trog
Uskayaw
Vehumet
Wu Jian
Xom
Yredelemnul
Zin
The Shining One
Beogh
Jiyva
Lugonu

Shops:
D =:!(


Innate Abilities, Weirdness & Mutations

You are very small and have problems with some larger weapons.
You are too small for most types of armour.
You have supernaturally acute eyesight. (SInv)
You cover ground extremely quickly. (Speed+++)


Message History

You skewer the killer bee like a kebab!!!
Lightning courses through the killer bee!!
You kill the killer bee!
You flicker back into view.
The killer bee closely misses you.
The killer bee is distracted by your dazzling golden aura.
The killer bee buzzes angrily.
The killer bee buzzes angrily.
You hit the killer bee but do no damage.
Lightning courses through the killer bee!
The killer bee is no longer distracted by gold.
The killer bee is severely wounded.
The killer bee stings you! The killer bee closely misses you.
The killer bee stings you! The killer bee closely misses you.
You miss the killer bee.
The killer bee is severely wounded.
The killer bee misses you. x2; The killer bee stings you.
* * * LOW HITPOINT WARNING * * *
You are poisoned.
The killer bee poisons you! The killer bee stings you!
* * * LOW HITPOINT WARNING * * *
You feel better. The killer bee closely misses you. x4
The killer bee completely misses you.
You fail to use your ability.
The killer bee closely misses you. The killer bee misses you.
The killer bee barely misses you. The killer bee closely misses you.
The killer bee stings you.
* * * LOW HITPOINT WARNING * * *
You are lethally poisoned!
The killer bee poisons you!
You fade into invisibility!
You are lightly contaminated with residual magic.
* * * LOW HITPOINT WARNING * * *
You feel very sick.
The killer bee completely misses you. x2; The killer bee misses you.
The killer bee barely misses you. x2
You strike the helpless killer bee from behind!
You spit the killer bee like a pig!!!
You kill the killer bee!
You die...
Your body crumbles into a pile of gold.

#####################
#<÷÷P#.....#.....#.⌠.
#PP..'.....'.#.[.'.._
#PPPP#.....#.#...#...
###############'##.._
#..$♣........'...#._.
#..y@..♣.....#$$$####
#.....♣..♣..######
##+####+#####


$$$$ $ You could see a killer bee (berserk).

Vanquished Creatures
  A burning bush (D)
  A queen bee (D)
  2 wandering mushrooms (D)
  3 scorpions (D)
  3 killer bees (D)
  4 oklob saplings (D)
  2 spriggans (D)
  A river rat (D)
  A rat (D)
18 creatures vanquished.

Notes
Turn   | Place    | Note
-------+----------+-------------------------------------------
     0 | D        | styxcanada the Spriggan Brigand began the quest for the
                  | Orb.
     0 | D        | Reached XP level 1. HP: 10/10 MP: 2/2
    14 | D        | Reached skill level 7 in Stealth
    14 | D        | Reached XP level 2. HP: 15/15 MP: 3/3
   229 | D        | Noticed an oklob sapling
   231 | D        | Killed an oklob sapling
   232 | D        | Reached skill level 9 in Stealth
   232 | D        | Reached XP level 3. HP: 18/18 MP: 4/4
   233 | D        | Noticed a scorpion
   233 | D        | Found the amulet of invisibility {+Inv}
   235 | D        | Killed a scorpion
   236 | D        | Reached skill level 12 in Stealth
   236 | D        | Reached XP level 4. HP: 23/23 MP: 5/5
   254 | D        | Found an opulent altar of Gozag.
   254 | D        | Found a hazy altar of Hepliaklqana.
   254 | D        | Found a burning altar of Makhleb.
   254 | D        | Found a sparkling altar of Nemelex Xobeh.
   254 | D        | Found a sacrificial altar of Ru.
   254 | D        | Found a shimmering blue altar of Sif Muna.
   254 | D        | Found an ornate altar of the Wu Jian Council.
   254 | D        | Found a shimmering altar of Xom.
   254 | D        | Found a basalt altar of Yredelemnul.
   255 | D        | Found a viscous altar of Jiyva.
   255 | D        | Found a snail-covered altar of Cheibriados.
   255 | D        | Found a bloodstained altar of Trog.
   256 | D        | Found an iron altar of Okawaru.
   256 | D        | Found a shadowy altar of Dithmenos.
   256 | D        | Found a glowing silver altar of Zin.
   257 | D        | Found an ancient bone altar of Kikubaaqudgha.
   257 | D        | Found a hide-covered altar of Uskayaw.
   258 | D        | Found a stormy altar of Qazlal.
   258 | D        | Found a white marble altar of Elyvilon.
   258 | D        | Found a glowing golden altar of the Shining One.
   259 | D        | Became a worshipper of Gozag Ym Sagoz the Greedy
   260 | D        | Found a corrupted altar of Lugonu.
   260 | D        | Found a radiant altar of Vehumet.
   264 | D        | Reached skill level 13 in Stealth
   264 | D        | Reached XP level 5. HP: 28/28 MP: 3/6
   312 | D        | Reached skill level 14 in Stealth
   312 | D        | Reached skill level 1 in Evocations
   319 | D        | Reached skill level 5 in Throwing
   319 | D        | Reached skill level 15 in Stealth
   370 | D        | Reached XP level 6. HP: 15/32 MP: 7/7
   546 | D        | Found Onnumaer's Book Shop.
   546 | D        | Found Saycuir's Jewellery Emporium.
   553 | D        | Bought a book of Misfortune for 364 gold pieces
   558 | D        | Learned a level 2 spell: Slow
   562 | D        | Learned a level 3 spell: Confusing Touch
   564 | D        | Noticed a burning bush
   564 | D        | Noticed a wandering mushroom
   565 | D        | Noticed a wandering mushroom
   823 | D        | Killed a wandering mushroom
   824 | D        | Reached skill level 16 in Stealth
   827 | D        | Killed a wandering mushroom
   828 | D        | Reached skill level 5 in Short Blades
   828 | D        | Reached skill level 17 in Stealth
   828 | D        | Reached skill level 5 in Evocations
   828 | D        | Reached XP level 7. HP: 37/37 MP: 6/13
  1003 | D        | Killed a burning bush
  1004 | D        | Reached skill level 18 in Stealth
  1024 | D        | Found Egerr's Weapon Emporium.
  1024 | D        | Found Ymout's Distillery.
  1178 | D        | Noticed a queen bee
  1184 | D        | Reached skill level 5 in Dodging
  1184 | D        | Reached XP level 8. HP: 42/42 MP: 13/15
  1191 | D        | Killed a queen bee
  1192 | D        | Reached skill level 19 in Stealth
  1195 | D        | HP: 2/42 [killer bee (7)]
  1199 | D        | Succumbed to a killer bee's poison

Illustrated notes

Levels and vault maps discovered:
D:        dungeon_sprint_fedhas [sprint_temple]

Skill      XL: |  1  2  3  4  5  6  7  8 |
---------------+-------------------------+-----
Stealth        | 7 9 12 13 15 17 18 19 | 19.1
Fighting       | 2 3 4 |  4.5
Short Blades   | 3 4 5 |  5.3
Throwing       | 3 4 5 6 |  6.2
Evocations     | 2 5 6 7 |  7.2
Dodging        | 2 4 5 |  5.4
Spellcasting   | 3 4 |  4.8
Hexes          | 3 4 |  4.6

Action                   |  1- 3 |  4- 6 |  7- 9 || total
-------------------------+-------+-------+-------++-------
Melee: Dagger            |     6 |    17 |    31 ||    54
Throw: Dart              |     5 |     9 |       ||    14
 Abil: Evoke Invisibilit |       |     4 |     3 ||     7
  Use: Potion            |       |       |     2 ||     2
       Scroll            |       |       |     1 ||     1
 Stab: Sleeping          |     2 |     4 |     1 ||     7
       Invisible         |       |     2 |     6 ||     8
Armor: Robe              |     1 |     1 |       ||     2
Dodge: Dodged            |     1 |    13 |    39 ||    53
